 Dungeon Crawl Stone Soup version 0.26-a0-834-g69557b85cc (webtiles) character file.

Game seed: 6538164827957235323

9929 marklar909 the Martial Artist (level 11, -4/92 HPs)
             Began as a Red Draconian Transmuter on Nov 16, 2020.
             Was a Follower of Ashenzari.
             Slain by a six-headed hydra (7 damage)
             ... on level 11 of the Dungeon on Nov 17, 2020.
             The game lasted 00:26:02 (13982 turns).

marklar909 the Martial Artist (DrTm)               Turns: 13982, Time: 00:26:02

Health: -4/92      AC: 13    Str: 14    XL:     11   Next: 29%
Magic:  14/14      EV: 16    Int: 13    God:    Ashenzari [*.....]
Gold:   307        SH:  5    Dex: 14    Spells: 5/14 levels left

rFire    + + .     SeeInvis .     - Unarmed
rCold    . . .     Faith    .   (no shield)
rNeg     + . .     Spirit   .   (armour unavailable)
rPois    .         Reflect  +   (helmet restricted)
rElec    .         Harm     .   m - +2 cloak {MR+} (curse)
rCorr    .         Rampage  .   u - +2 pair of gloves (curse)
MR       +....                  (no boots)
Stlth    ++........             t - amulet of reflection
HPRegen  0.25/turn              j - ring of protection from fire
MPRegen  0.14/turn              r - ring of positive energy

@: no status effects
A: breathe fire, unfitting armour, fire resistance 1, cold-blooded, AC +7
a: Breathe Fire, Curse Item, Scrying, Renounce Religion


You were on level 11 of the Dungeon.
You worshipped Ashenzari.
Ashenzari was aware of your devotion.
You visited 2 branches of the dungeon, and saw 12 of its levels.
You also visited: Ossuary.

You collected 622 gold pieces.
You spent 315 gold pieces at shops.

Inventory:

Armour
 m - a cursed +2 cloak of magic resistance (worn)
 u - a cursed +2 pair of gloves (worn)
Jewellery
 j - a ring of protection from fire (left hand)
 r - a ring of positive energy (right hand)
 t - an amulet of reflection (around neck)
 A - an uncursed amulet of the acrobat
Wands
 l - a wand of polymorph (8)
 x - a wand of paralysis (6)
 y - a wand of random effects (10)
Scrolls
 c - 13 scrolls of identify
 d - 3 scrolls of teleportation
 s - 3 scrolls of fog
Potions
 a - 4 potions of heal wounds
 b - 7 potions of haste
 e - 5 potions of curing
 f - 4 potions of brilliance
 g - 4 potions of lignification
 i - 3 potions of might
 k - a potion of cancellation
 n - 4 potions of flight
 o - 6 potions of mutation
 p - a potion of resistance
 v - a potion of attraction {unknown}
 z - 2 potions of berserk rage {unknown}
 B - a potion of invisibility {unknown}


   Skills:
 * Level 7.5 Fighting
 * Level 7.1 Dodging
 + Level 3.5 Stealth
 + Level 2.3 Shields
 + Level 10.1 Unarmed Combat
 - Level 2.2 Spellcasting
 * Level 10.0 Transmutations
 + Level 1.6 Poison Magic
 + Level 0.1 Evocations


You had 5 spell levels left.
You knew the following spells:

 Your Spells              Type           Power        Failure   Level
a - Beastly Appendage     Tmut           ####..       1%          1
b - Wereblood             Tmut           ####....     1%          2
c - Spider Form           Tmut/Pois      ###.......   7%          3
d - Magic Dart            Conj           #...         26%         1
e - Blink                 Tloc           N/A          36%         2

Your spell library contained the following spells:

 Spells                   Type           Power        Failure   Level
 Blade Hands              Tmut           ####......   11%         5
 Ice Form                 Ice/Tmut       ##......     30%         4
 Call Imp                 Summ           #.......     36%         2
 Slow                     Hex            #.......     36%         2
 Mephitic Cloud           Conj/Pois/Air  #.......     52%         3
 Conjure Flame            Conj/Fire      #.......     58%         3
 Haunt                    Necr/Summ      #.........   100%        7
 Borgnjor's Revivificati  Necr           #.........   100%        8
 Infestation              Necr           #.........   100%        8
 Necromutation            Tmut/Necr      ##........   100%        8
 Death's Door             Necr           #.........   100%        9


Dungeon Overview and Level Annotations

Branches:
Dungeon (11/15)            Temple (1/1) D:7            Lair (0/6) D:9
    Orc (0/2) D:10        Ossuary (visited)

Altars:
Ashenzari
Cheibriados
Dithmenos
Elyvilon
Fedhas
Gozag
Hepliaklqana
Kikubaaqudgha
Makhleb
Nemelex Xobeh
Okawaru
Qazlal
Ru
Sif Muna
Trog
Uskayaw
Vehumet
Wu Jian
Xom
Yredelemnul
Zin
The Shining One

Shops:
D:5 (   D:8 *   D:10 !


Innate Abilities, Weirdness & Mutations

You can breathe blasts of fire.
Your fiery red scales are hard. (AC +7)
You cannot fit into any form of body armour.
Your flesh is heat resistant. (rF+)
You are cold-blooded and may be slowed by cold attacks.


Message History

Unknown command.
Your transformation is almost over.
Your horns disappear.
Your talons disappear.
You have got your breath back.
There is a stone staircase leading up here.
Things that are here:
a +1 scimitar of flaming; a +1 robe of the Archmagi; the human corpse of Erica
There is a stone staircase leading up here.
Your primal bloodlust is almost over.
Your primal bloodlust has ended.
Things that are here:
a +1 scimitar of flaming; a +1 robe of the Archmagi; the human corpse of Erica
There is a stone staircase leading up here.
There is an escape hatch in the ceiling here.
The six-headed hydra bites you!
* * * LOW HITPOINT WARNING * * *
The six-headed hydra bites you!
* * * LOW HITPOINT WARNING * * *
The six-headed hydra bites you!
You die...

...'D..†.# #.....#
...#####.# #.....#
#...#.# #.....# #.#.#.#
#.....#
#.#.#.#####.....#
#.#.............# #
#.###)#####.#####
#.####.....<...D.#
..:.....####<...@#####
...[....+.............+
........####....#####≈#
........# #.......
......)$# #≈≈≈≈...≈≈≈
...≈≈≈≈≈##≈≈≈≈≈≈.≈≈≈≈≈
.≈≈≈≈≈≈≈≈≈≈≈≈≈≈≈≈≈≈≈≈≈
≈≈≈≈≈≈≈≈≈≈≈≈≈≈≈≈≈≈≈≈≈#
≈≈≈≈≈≈≈≈≈≈≈≈≈≈≈≈≈≈≈≈≈#


You could see a six-headed hydra.

Vanquished Creatures
  Erica (D:11)
  2 two-headed ogres (D:10)
  An ugly thing (D:9)
  Maurice (D:8)
  Maggie (D:6)
  A troll (D:8)
  3 yaks (D:10)
  A water elemental (D:11)
  Grum (D:8)
  2 steam dragons
  Edmund (D:5)
  A water moccasin (D:6)
  5 sky beasts
  5 orc warriors
  2 ice beasts
  A black bear (D:6)
  A phantom (D:10)
  3 centaurs
  6 ogres
  2 wolves (D:8)
  8 bullfrogs
  A water moccasin zombie (Ossuary)
  2 scorpions (D:9)
  10 killer bees
  An electric eel (D:11)
  4 howler monkeys (D:9)
  7 bullfrog zombies
  A quasit (D:10)
  A hound (D:5)
  2 jellies
  A gnoll shaman (D:7)
  5 orc priests
  A bullfrog skeleton (D:11)
  3 centaur zombies (Ossuary)
  2 iguanas
  19 orc wizards
  5 worker ants
  2 hound zombies (Ossuary)
  A hound skeleton (D:9)
  14 mummies
  3 worker ant zombies
  10 adders
  17 gnolls
  A shadow imp (D:8)
  A white imp (D:8)
  2 ufetubi
  An ooze (D:6)
  An adder zombie (Ossuary)
  2 adder skeletons
  2 worms
  4 dart slugs
  5 leopard geckos
  44 orcs
  3 giant cockroaches
  9 goblins
  5 hobgoblins
  8 jackals (D:6)
  4 quokkas
  4 bats
  4 frilled lizards
  A giant cockroach zombie (Ossuary)
  2 hobgoblin zombies (D:7)
  A jackal zombie (Ossuary)
  7 kobolds
  3 leopard gecko zombies
  A quokka zombie (Ossuary)
  3 rats
279 creatures vanquished.

Vanquished Creatures (others)
  An orc (D:9)
  A hobgoblin (D:3)
  16 plants
  4 withered plants (Ossuary)
22 creatures vanquished.

Grand Total: 301 creatures vanquished

Notes
Turn   | Place    | Note
-------+----------+-------------------------------------------
     0 | D:1      | marklar909 the Draconian Transmuter began the quest for the
                  | Orb.
     0 | D:1      | Reached XP level 1. HP: 16/16 MP: 3/3
     3 | D:1      | Noticed an electric eel
     3 | D:1      | Noticed an electric eel
   226 | D:1      | Reached XP level 2. HP: 19/23 MP: 3/5
   261 | D:1      | Learned a level 2 spell: Wereblood
  1098 | D:2      | Reached XP level 3. HP: 21/28 MP: 4/6
  1906 | D:3      | Reached XP level 4. HP: 33/35 MP: 5/7
  2021 | D:3      | Learned a level 3 spell: Spider Form
  2084 | D:3      | Found a snail-covered altar of Cheibriados.
  2273 | D:3      | Reached XP level 5. HP: 25/41 MP: 8/8
  2825 | D:3      | Reached skill level 1 in Stealth
  3237 | D:4      | Noticed an ogre
  3520 | D:4      | Reached XP level 6. HP: 38/50 MP: 9/9
  3736 | D:4      | Found an iron altar of Okawaru.
  3752 | D:4      | Learned a level 1 spell: Magic Dart
  3755 | D:4      | Learned a level 2 spell: Blink
  3809 | D:4      | Found a basalt altar of Yredelemnul.
  3823 | D:4      | Found a shimmering altar of Xom.
  3826 | D:4      | Found a blossoming altar of Fedhas.
  4136 | D:4      | Your scales start taking on a fiery red colour.
  4136 | D:4      | Reached XP level 7. HP: 48/56 MP: 7/10
  4136 | D:4      | Gained mutation: Your flesh is heat resistant. (rF+) [Red
                  | Draconian growth]
  4139 | D:4      | Reached skill level 5 in Unarmed Combat
  4771 | D:5      | Entered Level 5 of the Dungeon
  4779 | D:5      | Found Gifanog's Hydra Hut.
  4784 | D:5      | Noticed an eight-headed hydra
  4850 | D:5      | Reached skill level 5 in Transmutations
  4990 | D:5      | Found a sacrificial altar of Ru.
  5392 | D:5      | Found a burning altar of Makhleb.
  5456 | D:5      | Noticed Edmund
  5471 | D:5      | Killed Edmund
  5472 | D:5      | Reached XP level 8. HP: 48/67 MP: 4/11
  6003 | D:6      | Reached skill level 1 in Poison Magic
  6348 | D:6      | Found a shadowy altar of Dithmenos.
  6608 | D:6      | Found a glowing silver altar of Zin.
  6666 | D:6      | Noticed Maggie
  6678 | D:6      | Paralysed by Maggie for 5 turns
  6691 | D:6      | Killed Maggie
  6692 | D:6      | Reached skill level 5 in Fighting
  7179 | D:6      | Found a glowing golden altar of the Shining One.
  7234 | D:6      | Reached XP level 9. HP: 70/74 MP: 10/12
  7521 | D:7      | Found a staircase to the Ecumenical Temple.
  7613 | D:7      | Found a radiant altar of Vehumet.
  7647 | D:7      | Found a sand-covered staircase.
  7657 | Ossuary  | Entered an ossuary
  8149 | Ossuary  | Reached skill level 1 in Shields
  8397 | Temple   | Entered the Ecumenical Temple
  8457 | Temple   | Became a worshipper of Ashenzari the Shackled
  9049 | D:8      | Noticed Grum
  9065 | D:8      | Killed Grum
  9069 | D:8      | Reached skill level 5 in Dodging
  9213 | D:8      | Found Ibetaehi's General Store.
  9216 | D:8      | Bought a scroll of identify for 30 gold pieces
  9216 | D:8      | Bought a scroll of identify for 30 gold pieces
  9216 | D:8      | Bought a potion of heal wounds for 75 gold pieces
  9216 | D:8      | Bought a scroll of teleportation for 45 gold pieces
  9216 | D:8      | Bought 2 potions of flight for 90 gold pieces
  9216 | D:8      | Bought a scroll of identify for 30 gold pieces
  9310 | D:8      | Found a hide-covered altar of Uskayaw.
  9643 | D:8      | Found a bloodstained altar of Trog.
  9654 | D:8      | Reached XP level 10. HP: 82/83 MP: 13/13
  9730 | D:8      | Noticed Maurice
  9785 | D:8      | Killed Maurice
 10252 | D:9      | Noticed a cyan ugly thing
 10671 | D:9      | Found a stormy altar of Qazlal.
 10785 | D:9      | Identified the +3 dagger of True Grit {vorpal, rElec rF+}
 10969 | D:9      | Found a staircase to the Lair.
 10993 | D:9      | Killed a cyan ugly thing
 11670 | D:10     | Entered Level 10 of the Dungeon
 12011 | D:10     | Found a staircase to the Orcish Mines.
 12256 | D:10     | Reached * piety under Ashenzari
 12680 | D:10     | Noticed a two-headed ogre
 12689 | D:10     | Killed a two-headed ogre
 12690 | D:10     | Reached XP level 11. HP: 92/92 MP: 10/14
 12786 | D:10     | Found Wumev's Distillery.
 12792 | D:10     | Bought a potion of degeneration for 15 gold pieces
 13040 | D:11     | Noticed Erica
 13170 | D:11     | Noticed a two-headed ogre
 13186 | D:10     | Killed a two-headed ogre
 13618 | D:11     | Reached skill level 10 in Unarmed Combat
 13839 | D:11     | Killed Erica
 13840 | D:11     | Reached skill level 10 in Transmutations
 13926 | D:11     | Noticed a six-headed hydra
 13982 | D:11     | HP: 3/92 [six-headed hydra (8)]
 13982 | D:11     | Slain by a six-headed hydra

Illustrated notes

Levels and vault maps discovered:
D:1:      arrival_aquarium_b, layout_rooms
D:2:      layout_rooms
D:3:      layout_basic, lemuel_doored_altar, serial_bayou,
          serial_bayou_lagoon_b, serial_bayou_lake_a, serial_bayou_pond_a,
          serial_bayou_pond_d, serial_bayou_pond_e, serial_bayou_pond_a
D:4:      layout_loops_corners, grunt_temple_overflow_cloverleaf
D:5:      layout_gridville, lemuel_crystal_altar, general_overflow_altar,
          doesnt_shop_hydraphobe, uniq_edmund
D:6:      layout_loops_ring, grunt_dithmenos_smoke, zin_academy,
          marbit_many_paths, minivault_27, corexii_leaking_fountain,
          grunt_potential, uniq_maggie
D:7:      layout_basic, lemuel_crystal_altar, temple_statues,
          nicolae_ossuary_entry_giza, serial_bayou_crossing
D:8:      layout_basic, kennysheep_mini_moat, serial_shops, shop_statue,
          basic_altar, uniq_maurice, uniq_grum
D:9:      layout_basic, nicolae_qazlal_general_emergency, lair_entry_dummy
D:10:     layout_irregular_city, david_orc_3, serial_shops,
          nicolae_shop_temple_entry_statues_fountains
D:11:     layout_basic, uniq_erica
Temple:   jpeg_temple_island

Skill      XL: |  1  2  3  4  5  6  7  8  9 10 11 |
---------------+----------------------------------+-----
Dodging        | 2 3 4 5 6 7 |  7.1
Unarmed Combat | 4 5 6 8 9 10 | 10.1
Transmutations | 3 4 5 6 8 9 10 | 10.0
Fighting       | 2 4 5 6 7 |  7.5
Stealth        | 1 2 3 |  3.5
Poison Magic   | 1 |  1.6
Shields        | 1 2 |  2.3
Spellcasting   | |  2.2
Evocations     | |  0.1

Action                   |  1- 3 |  4- 6 |  7- 9 | 10-12 || total
-------------------------+-------+-------+-------+-------++-------
Melee: Unarmed           |   126 |    91 |   411 |   289 ||   917
       Kick              |    20 |    23 |    94 |    60 ||   197
       Headbutt          |     4 |    14 |    57 |    47 ||   122
       Tailslap          |     8 |    10 |    52 |    28 ||    98
       Punch             |     1 |     4 |    14 |     7 ||    26
 Cast: Beastly Appendage |    21 |    22 |    42 |    37 ||   122
       Wereblood         |       |     1 |    23 |    32 ||    56
       Spider Form       |       |     1 |    11 |     9 ||    21
       Magic Dart        |       |       |     2 |       ||     2
Invok: Curse Item        |       |       |       |     2 ||     2
 Abil: Breathe Fire      |       |       |    17 |    12 ||    29
Evoke: Wand              |       |     3 |       |       ||     3
  Use: Scroll            |       |       |    13 |     6 ||    19
       Potion            |       |       |     1 |       ||     1
 Stab: Sleeping          |       |     2 |     4 |     1 ||     7
       Distracted        |       |       |       |     1 ||     1
Armor: Skin              |    39 |    22 |    88 |    70 ||   219
Dodge: Dodged            |    69 |    62 |   243 |   159 ||   533
Block: Other             |       |       |    56 |    77 ||   133
       Reflection        |       |       |       |     1 ||     1

Table legend: (Time is in decaauts)
 A = Elapsed time spent in this place.
 B = Non-inter-level travel time spent in this place.
 C = Inter-level travel time spent in this place.
 D = Time resting spent in this place.
 E = Time spent auto-exploring this place.
 F = Levels seen in this place.
 G = Mean time per level.
                   A        B        C        D        E       F      G
               +--------+--------+--------+--------+--------+-----+--------+
         Total |  13949 |  13434 |    515 |   1407 |   9656 |  13 | 1073.0 |
       Dungeon |  13219 |  12720 |    499 |   1407 |   9161 |  11 | 1201.7 |
        Temple |     76 |     60 |     16 |      0 |     53 |   1 |   76.0 |
       Ossuary |    653 |    653 |      0 |      0 |    442 |   1 |  653.0 |
               +--------+--------+--------+--------+--------+-----+--------+

Top non-repeatable levels by time:
    D:10: 1808 daAuts
     D:3: 1727 daAuts
     D:8: 1675 daAuts
     D:6: 1605 daAuts
     D:4: 1309 daAuts
     D:5: 1115 daAuts
     D:1: 1078 daAuts
     D:9: 1066 daAuts
     D:2: 685 daAuts
     D:7: 672 daAuts
 Ossuary: 653 daAuts
    D:11: 475 daAuts
  Temple: 76 daAuts
